 Dungeon Crawl Stone Soup version 0.23-b1-3-gdda8187c6f (webtiles) character file.

Game seed: 17741360999148042683

28 Ihlosi the Skirmisher (level 3, 0/23 HPs)
             Began as a Kobold Fighter on Jan 31, 2019.
             Slain by a goblin (4 damage)
             ... led by Robin
             ... on level 1 of the Dungeon.
             The game lasted 00:02:05 (729 turns).

Ihlosi the Skirmisher (Kobold Fighter)               Turns: 729, Time: 00:02:05

Health: 0/23       AC:  5    Str: 14    XL:     3   Next: 27%
Magic:  3/3        EV: 10    Int:  9    God:
Gold:   30         SH:  9    Dex: 14    Spells: 2/2 levels left

rFire    . . .     SeeInvis .   a - +0 flail
rCold    . . .     Gourm    .   c - +0 shield
rNeg     . . .     Faith    .   o - +0 ring mail (curse)
rPois    +         Spirit   .   (no helmet)
rElec    .         Reflect  .   (no cloak)
rCorr    +         Harm     .   (no gloves)
MR       .....                  (no boots)
Stlth    +.........             (no amulet)
HPRegen  0.07/turn              l - ring of poison resistance
MPRegen  0.08/turn              k - ring of resist corrosion

@: no status effects
A: small, carnivore
a: no special abilities


You were on level 1 of the Dungeon.
You were full.

You visited 1 branch of the dungeon, and saw 2 of its levels.

You collected 30 gold pieces.

Inventory:

Hand Weapons
 a - a +0 flail (weapon)
Armour
 b - a +0 scale mail
 c - a +0 shield (worn)
 o - a cursed +0 ring mail (worn)
Jewellery
 k - a ring of resist corrosion (right hand)
 l - a ring of poison resistance (left hand)
Scrolls
 e - 2 scrolls of immolation
 g - a scroll of remove curse
 h - a scroll of magic mapping {unknown}
 m - a scroll of enchant armour {unknown}
 n - a scroll of random uselessness {unknown}
 p - a scroll of amnesia {unknown}
Potions
 d - a potion of might
 i - a potion of agility
 j - a potion of mutation {unknown}
Comestibles
 f - 2 rations


   Skills:
 * Level 3.6 Fighting
 * Level 2.1 Maces & Flails
 * Level 2.7 Armour
 * Level 0.8 Dodging
 * Level 2.6 Shields


You had 2 spell levels left.
You didn't know any spells.
Your spell library was empty.

Dungeon Overview and Level Annotations

Branches:
Dungeon (2/15)

Altars:

Annotations:
D:2 Robin


Innate Abilities, Weirdness & Mutations

You are small and have problems with some larger weapons.
You are carnivorous and can eat meat at any time.


Message History

You hit the goblin.
The goblin is heavily wounded.
The goblin hits you but does no damage. The hobgoblin closely misses you.
The goblin barely misses you. The goblin hits you but does no damage.
You barely miss the goblin.
The goblin is heavily wounded.
You block the hobgoblin's attack. The goblin hits you.
* * * LOW HITPOINT WARNING * * *
You block the goblin's attack. The hobgoblin misses you.
The hobgoblin hits you but does no damage.
You block the goblin's attack. You block the hobgoblin's attack.
The goblin hits you but does no damage. The hobgoblin hits you.
* * * LOW HITPOINT WARNING * * *
The hobgoblin hits you but does no damage.
You climb upwards.
There is a stone staircase leading down here.
You hit the goblin.
The goblin is moderately wounded.
The goblin hits you.
You die...

...##.(.#.)...........##.........
...###....##..........#..........
..........##..........#..........
...)......#...........#.#.......#
....##....#+####'####+#.##.....##
.........##...........###########
..........######<####### ##....
...............###.....# ##.....
......###..(...g@g....#####......
.......###..(.(ggg.......##......
..####..###...........##.##......
######...............###..#......
####.........##......####........
.............#####.....####......
.......##.#..#####...............
..................#.........[....
..........#.......#..............


You could see 3 hobgoblins and 2 goblins.

Vanquished Creatures
  An adder (D:2)
  A worm (D:2)
  A dart slug (D:1)
  A giant cockroach (D:1)
  3 goblins
  A hobgoblin (D:2)
  4 kobolds (D:1)
  2 rats (D:1)
14 creatures vanquished.

Notes
Turn   | Place    | Note
-------+----------+-------------------------------------------
     0 | D:1      | Ihlosi the Kobold Fighter began the quest for the Orb.
     0 | D:1      | Reached XP level 1. HP: 14/14 MP: 1/1
   173 | D:1      | Reached XP level 2. HP: 15/19 MP: 2/2
   582 | D:2      | Reached XP level 3. HP: 23/23 MP: 3/3
   700 | D:2      | Noticed Robin
   729 | D:1      | Slain by a goblin

Skill      XL: |  1  2 |
---------------+-------+-----
Maces & Flails | 2 |  2.1
Fighting       | |  3.6
Armour         | |  2.7
Dodging        | |  0.8
Shields        | |  2.6

Action                   || total
-------------------------++-------
Melee: Flail             ||    54
  Use: Scroll            ||     4
  Eat: Chunk             ||     5
Armor: Scale mail        ||    11
       Ring mail         ||    16
Dodge: Dodged            ||    23
Block: Shield            ||    30
